 Dungeon Crawl Stone Soup version 0.20.1-1-g8b1a95d (webtiles) character file.

140 gamgams the Skirmisher (level 5, -3/38 HPs)
             Began as an Octopode Fighter on Sept 24, 2017.
             Slain by Grinder (5 damage)
             ... on level 4 of the Dungeon.
             The game lasted 00:03:01 (2499 turns).

gamgams the Skirmisher (Octopode Fighter)           Turns: 2499, Time: 00:03:01

Health: -3/38      AC:  1    Str: 15    XL:     5   Next: 23%
Magic:  5/5        EV: 12    Int: 10    God:
Gold:   146        SH:  8    Dex: 13    Spells: 4/4 levels left

rFire    . . .     SeeInvis .   a - +0 falchion
rCold    . . .     Gourm    .   b - +0 shield
rNeg     . . .     Faith    .   (helmet restricted)
rPois    .         Spirit   .   i - amulet of rage
rElec    .         Reflect  .   (no ring)
rCorr    .         Harm     .   (no ring)
MR       .....                  (no ring)
Stlth    ++........             (no ring)
Regen    0.2/turn               (no ring)
MPRegen  0.1/turn               (no ring)
                                (no ring)
                                (no ring)

@: no status effects
A: almost no armour, stealthy swim, amphibious, 8 rings, constrict 8, camouflage
1, gelatinous body 1
a: Evoke Berserk Rage


You were on level 4 of the Dungeon.
You were not hungry.

You visited 1 branch of the dungeon, and saw 4 of its levels.

You collected 146 gold pieces.

Inventory:

Hand Weapons
 a - a +0 falchion (weapon)
Armour
 b - a +0 shield (worn)
Jewellery
 i - an amulet of rage (around mantle)
 o - a +1 ring of evasion {unknown}
 u - an uncursed ring of positive energy {unknown}
Scrolls
 f - a scroll of recharging {unknown}
 g - a scroll of magic mapping {unknown}
 h - 3 scrolls of teleportation {unknown}
 j - a scroll of random uselessness {unknown}
 n - 3 scrolls of identify {unknown}
 p - 2 scrolls of amnesia {unknown}
 t - a scroll of fear {unknown}
 w - a scroll of noise {unknown}
Potions
 c - a potion of might
 e - a potion of flight {unknown}
 k - 2 potions of curing {unknown}
 l - a potion of degeneration {unknown}
 q - 2 potions of mutation {unknown}
 r - a potion of invisibility
 s - 2 potions of lignification {unknown}
 v - 2 potions of berserk rage {unknown}
Comestibles
 d - 2 bread rations
 m - a meat ration
 x - a royal jelly


   Skills:
 + Level 4.6 Fighting
 + Level 3.8 Long Blades
 - Level 3.0 Dodging
 - Level 3.0 Shields


You had 4 spell levels left.
You didn't know any spells.

Dungeon Overview and Level Annotations

Branches:
Dungeon (4/15)
 Temple: D:4-7

Altars:
Ashenzari
Fedhas
The Shining One

Annotations:
D:4 Grinder


Innate Abilities, Weirdness & Mutations

You cannot wear most types of armour.
You are very stealthy in the water. (Stealth+)
You are amphibious.
You can wear up to eight rings at the same time.
You can use your tentacles to constrict eight enemies at once.
Your skin changes colour to match your surroundings (Stealth+).
Your rubbery body absorbs attacks. (AC +1, EV +1)


Message History

Grinder drinks a potion.
Grinder flickers and vanishes!
Deactivating autopickup; reactivate with Ctrl-A.
You can move again.
You shrug off the repeated paralysis!
Found 6 gold pieces.
You miss something. You squeeze something.
You shrug off the repeated paralysis!
You closely miss something. Pain shoots through your body! Something hits you.
You writhe in agony.
You miss something. Your squeeze misses something. Something hits you.
* * * LOW HITPOINT WARNING * * *
You writhe in agony.
* * * LOW HITPOINT WARNING * * *
You barely miss something. You squeeze something! You block something's attack.
You barely miss something. Something hits you but does no damage.
You hit something but do no damage. Something hits you.
* * * LOW HITPOINT WARNING * * *
You writhe in agony.
You die...

# #. #.#. .#
.#.# #.# .$.
#.# #.. #.#
#.. #.#
#.###..###.#
........@{.##
..###.#.#...#
# #.#...#
#.#...#
#.#..##
#.#..#
####....#
#.......#
#.##....#


There were no monsters in sight!

Vanquished Creatures
  A bullfrog skeleton (D:4)
  Terence (D:3)
  An adder (D:2)
  4 oozes
  2 worms
  4 dart slugs
  A leopard gecko (D:1)
  2 bats
  A giant cockroach (D:1)
  6 goblins
  7 hobgoblins
  6 jackals
  3 frilled lizards
  5 kobolds
  5 rats
49 creatures vanquished.

Notes
Turn   | Place    | Note
-------+----------+-------------------------------------------
     0 | D:1      | gamgams the Octopode Fighter began the quest for the Orb.
     0 | D:1      | Reached XP level 1. HP: 16/16 MP: 1/1
    73 | D:1      | Reached XP level 2. HP: 16/21 MP: 2/2
   260 | D:1      | Reached XP level 3. HP: 15/26 MP: 3/3
   657 | D:2      | Found a shattered altar of Ashenzari.
   778 | D:2      | Found a glowing golden altar of the Shining One.
   912 | D:2      | Reached skill level 4 in Fighting
  1210 | D:2      | Reached XP level 4. HP: 33/33 MP: 4/4
  1329 | D:3      | Found a blossoming altar of Fedhas.
  1673 | D:3      | Noticed Terence
  1680 | D:3      | Killed Terence
  2199 | D:4      | Reached XP level 5. HP: 23/38 MP: 5/5
  2488 | D:4      | Noticed Grinder
  2488 | D:4      | Paralysed by Grinder for 4 turns
  2499 | D:4      | Slain by Grinder

Skill      XL: |  1  2  3 |
---------------+----------+-----
Long Blades    | 3 |  3.8
Fighting       | 4 |  4.6
Dodging        | |  3.0
Shields        | |  3.0

Action                   |  1- 3 |  4- 6 || total
-------------------------+-------+-------++-------
Melee: Long sword        |    57 |    23 ||    80
       Constrict         |    23 |     9 ||    32
       Tentacles         |    12 |     9 ||    21
       Falchion          |       |    25 ||    25
 Stab: Sleeping          |     4 |     1 ||     5
       Distracted        |     1 |       ||     1
  Eat: Chunk             |       |     5 ||     5
Armor: Skin              |     1 |     2 ||     3
Dodge: Dodged            |    30 |    10 ||    40
Block: Shield            |    31 |    10 ||    41
       Rpst.: Long sword |     6 |     1 ||     7
       Falchion          |       |     2 ||     2
